 Dungeon Crawl Stone Soup version 0.27.1-34-g3ba077fa99 (webtiles) character file.

Game seed: 9252748809155749292

1388 alasdair19 the Slasher (level 8, -3/70 HPs)
             Began as a Minotaur Fighter on Jan 12, 2022.
             Was a Believer of Okawaru.
             Slain by an orc warrior (12 damage)
             ... on level 6 of the Dungeon.
             The game lasted 00:16:19 (6977 turns).

alasdair19 the Slasher (Minotaur Fighter)           Turns: 6977, Time: 00:16:20

Health: -3/70      AC: 11    Str: 22    XL:     8   Next: 40%
Magic:  9/9        EV: 10    Int:  6    God:    Okawaru [**....]
Gold:   231        SH: 10    Dex: 10    Spells: 7/7 levels left

rFire    . . .     SeeInvis .   e - +0 long sword
rCold    . . .     Faith    .   c - +0 kite shield
rNeg     . . .     Spirit   .   C - +0 chain mail
rPois    .         Reflect  .   (helmet restricted)
rElec    .         Harm     .   (no cloak)
rCorr    .         Rampage  .   (no gloves)
Will     +....                  p - +0 pair of boots
Stlth    ..........             (no amulet)
HPRegen  0.21/turn              g - ring of willpower
MPRegen  0.11/turn              l - +4 ring of evasion

@: studying Crossbows
A: horns 2, retaliatory headbutt
a: Renounce Religion, Heroism


You were on level 6 of the Dungeon.
You worshipped Okawaru.
Okawaru was pleased with you.
You visited 1 branch of the dungeon, and saw 6 of its levels.

You collected 231 gold pieces.

Inventory:

Hand Weapons
 e - a +0 long sword (weapon)
 i - a +2 dagger of speed
 q - a +0 hunting sling
Missiles
 f - 89 poisoned darts (quivered)
 v - 7 boomerangs of dispersal
 B - 24 sling bullets
Armour
 b - a +0 scale mail
 c - a +0 kite shield (worn)
 p - a +0 pair of boots (worn)
 C - a +0 chain mail (worn)
Jewellery
 g - a ring of willpower (left hand)
 l - a +4 ring of evasion (right hand)
 n - a ring of willpower
Wands
 s - a wand of iceblast (20)
 t - a wand of acid (8)
 y - a wand of mindburst (12)
 A - a wand of flame (20)
Scrolls
 k - a scroll of holy word {unknown}
 m - 2 scrolls of enchant armour {unknown}
 r - 2 scrolls of enchant weapon
 u - a scroll of acquirement {unknown}
 w - 2 scrolls of teleportation {unknown}
 x - a scroll of immolation {unknown}
 z - a scroll of identify
Potions
 a - a potion of resistance
 d - 2 potions of might
 h - 2 potions of flight
 j - a potion of heal wounds
 o - a potion of haste


   Skills:
 + Level 5.9 Fighting
 + Level 7.2 Long Blades
 + Level 2.2 Slings
 + Level 6.6 Armour
 + Level 6.6 Shields
 * Level 2.9 Invocations


You had 7 spell levels left.
You didn't know any spells.
Your spell library contained the following spells:

 Spells                   Type           Power      Damage    Failure   Level
 Summon Small Mammal      Summ           0%         N/A       100%        1
 Ensorcelled Hibernation  Hex/Ice        0%         N/A       100%        2
 Slow                     Hex            0%         N/A       100%        2
 Call Canine Familiar     Summ           0%         N/A       100%        3
 Confusing Touch          Hex            0%         N/A       100%        3
 Gell's Gravitas          Tloc           0%         N/A       100%        3
 Lesser Beckoning         Tloc           0%         N/A       100%        3
 Spider Form              Tmut/Pois      0%         N/A       100%        3
 Stone Arrow              Conj/Erth      0%         3d7       100%        3
 Summon Guardian Golem    Hex/Summ       0%         N/A       100%        3
 Teleport Other           Tloc           0%         N/A       100%        3
 Tukima's Dance           Hex            0%         N/A       100%        3
 Passage of Golubria      Tloc           N/A        N/A       100%        4
 Bolt of Magma            Conj/Fire/Erth 0%         4d4       100%        5
 Yara's Violent Unravell  Hex/Tmut       0%         3d3       100%        5
 Shadow Creatures         Summ           N/A        N/A       100%        6
 Shatter                  Erth           0%         3d5*      100%        9


Dungeon Overview and Level Annotations

Branches:
Dungeon (6/15)             Temple (0/1) D:4

Altars:
Ashenzari
Dithmenos
Fedhas
Gozag
Makhleb
Nemelex Xobeh
Okawaru
Qazlal
Zin

Shops:
D:1 !


Innate Abilities, Weirdness & Mutations

You have a pair of horns on your head.
You reflexively headbutt those who attack you in melee.


Message History

You block the orc warrior's attack.
You hit the orc warrior.
The orc warrior is moderately wounded.
The orc warrior completely misses you.
You hit the orc warrior but do no damage.
You headbutt the orc warrior, but do no damage.
The orc warrior is moderately wounded.
The orc warrior hits you with a +0 halberd.
You hit the orc warrior but do no damage.
The orc warrior is moderately wounded.
The orc warrior barely misses you.
You riposte.
You hit the orc warrior but do no damage.
You headbutt the orc warrior, but do no damage.
The orc warrior is moderately wounded.
The orc warrior hits you with a +0 halberd!
Your shield and chain mail prevent you from hitting the orc warrior.
You headbutt the orc warrior.
The orc warrior is heavily wounded.
You block the orc warrior's attack.
You slash the orc warrior! Your headbutt misses the orc warrior.
The orc warrior is almost dead.
The orc wizard mumbles some strange words.
The orc wizard flickers and vanishes!
Deactivating autopickup; reactivate with Ctrl-A.
You block the orc warrior's attack.
You hit the orc warrior but do no damage.
The orc warrior is almost dead.
The orc warrior hits you with a +0 halberd.
You hit the orc warrior but do no damage.
The orc warrior is almost dead.
You block the orc warrior's attack.
You hit the orc warrior but do no damage.
The orc warrior is almost dead.
The orc warrior hits you with a +0 halberd!
* * * LOW HITPOINT WARNING * * *
You hit the orc warrior but do no damage.
You headbutt the orc warrior, but do no damage.
The orc warrior is almost dead.
The orc warrior hits you with a +0 halberd!
You die...

##.#.#..#####
.....##)#########
##.###...)......##
#......#######..#
#.#.#### ##.#
#.### #.# #.# #.#
#.# #.# #.# #@#
### #o# #8.8.8{#
.'......#
##8.8.8## #≈≈≈###
.≈≈≈ ≈≈≈ ≈≈


You could see an orc warrior.

Vanquished Creatures
  A steam dragon (D:6)
  An ice beast (D:4)
  A black bear (D:5)
  2 ogres (D:5)
  A phantom (D:4)
  2 kobold brigands (D:5)
  A centaur zombie (D:6)
  2 hounds (D:5)
  A jelly (D:4)
  3 orc priests
  A bullfrog skeleton (D:5)
  A centaur skeleton (D:5)
  6 orc wizards
  2 hound skeletons (D:5)
  8 adders
  4 gnolls
  A howler monkey skeleton (D:4)
  A white imp (D:6)
  An ufetubus (D:4)
  6 dart slugs
  16 orcs
  8 bats
  9 endoplasms
  2 giant cockroaches
  11 goblins
  12 hobgoblins
  4 jackals (D:2)
  17 kobolds
  2 quokkas
  8 ball pythons
  5 frilled lizards
  5 rats
145 creatures vanquished.

Notes
Turn   | Place    | Note
-------+----------+-------------------------------------------
     0 | D:1      | alasdair19 the Minotaur Fighter began the quest for the
                  | Orb.
     0 | D:1      | Reached XP level 1. HP: 19/19 MP: 0/0
    13 | D:1      | Found Byacif's Distillery.
    76 | D:1      | Reached XP level 2. HP: 27/27 MP: 1/1
   228 | D:1      | Found a burning altar of Makhleb.
   241 | D:1      | Reached XP level 3. HP: 14/33 MP: 2/2
   475 | D:1      | Found a faded altar of an unknown god.
   858 | D:2      | Reached skill level 3 in Long Blades
  1117 | D:2      | Reached XP level 4. HP: 18/41 MP: 3/3
  1498 | D:2      | You fall into a shaft and drop 1 floor!
  1539 | D:3      | Found a sparkling altar of Nemelex Xobeh.
  2611 | D:3      | Reached XP level 5. HP: 25/47 MP: 4/4
  2613 | D:3      | Reached skill level 4 in Long Blades
  2783 | D:3      | Found an iron altar of Okawaru.
  2783 | D:3      | Found a broken altar of Ashenzari.
  2784 | D:3      | Found a burning altar of Makhleb.
  2792 | D:3      | Became a worshipper of Warmaster Okawaru
  3477 | D:4      | Noticed an ice beast
  3484 | D:4      | Killed an ice beast
  3485 | D:4      | Reached skill level 5 in Armour
  3485 | D:4      | Reached skill level 5 in Shields
  3485 | D:4      | Reached XP level 6. HP: 55/55 MP: 5/5
  3490 | D:4      | Reached skill level 5 in Fighting
  3683 | D:4      | You fall into a shaft and drop 2 floors!
  3773 | D:6      | Reached skill level 5 in Long Blades
  3785 | D:6      | Found an opulent altar of Gozag.
  3831 | D:5      | Entered Level 5 of the Dungeon
  3835 | D:5      | Reached * piety under Okawaru
  4158 | D:6      | Noticed a steam dragon
  4544 | D:4      | Reached XP level 7. HP: 61/61 MP: 6/6
  4568 | D:4      | Found a stormy altar of Qazlal.
  4605 | D:4      | Found a staircase to the Ecumenical Temple.
  4795 | D:4      | Found a glowing silver altar of Zin.
  5004 | D:5      | Found a shadowy altar of Dithmenos.
  5015 | D:5      | Reached skill level 6 in Long Blades
  5181 | D:5      | Reached skill level 1 in Invocations
  5191 | D:5      | Reached skill level 1 in Slings
  5844 | D:5      | Reached XP level 8. HP: 59/69 MP: 8/8
  5848 | D:5      | Reached ** piety under Okawaru
  6237 | D:5      | Found a blossoming altar of Fedhas.
  6697 | D:6      | Reached skill level 7 in Long Blades
  6977 | D:6      | Slain by an orc warrior

Illustrated notes

Levels and vault maps discovered:
D:1:      psy_arrival_basics, layout_rooms,
          shapermc_ecumenical_altar_mp_urbaneastern, serial_shops, shop,
          minmay_misc_feat_encased, interstate_on_off, minivault_19,
          minmay_hexomino_r4
D:2:      minmay_thinvault, layout_loops_ring
D:3:      layout_loops_ring, nemelex_xobeh_ov_fountains_minmay,
          gammafunk_temple_overflow_claw
D:4:      layout_cave_pools, lemuel_coloured_pillars_altar,
          general_overflow_altar, minmay_temple_entry_slanted
D:5:      cheibrodos_thug_alley, layout_loops_ring, lemuel_doored_altar,
          old_standard_altar, minmay_a_box_with_orc_wizards_in_it
D:6:      layout_loops_ring, nicolae_gozag_cash_rules_everything_around_me,
          kennysheep_orc_sif_temple, nicolae_wand_duel,
          kennysheep_generic_room_9

Skill      XL: |  1  2  3  4  5  6  7  8 |
---------------+-------------------------+-----
Fighting       | 4 5 |  5.9
Armour         | 4 5 6 |  6.6
Shields        | 4 5 6 |  6.6
Long Blades    | 3 4 5 6 7 |  7.2
Invocations    | 2 |  2.9
Slings         | 1 2 |  2.2

Action                   |  1- 3 |  4- 6 |  7- 9 || total
-------------------------+-------+-------+-------++-------
Melee: Long sword        |    72 |   176 |   173 ||   421
       Headbutt          |    10 |    32 |    34 ||    76
 Fire: Hunting sling     |     6 |     3 |    19 ||    28
Throw: Dart              |       |       |     1 ||     1
  Use: Scroll            |       |     9 |     1 ||    10
       Potion            |       |     1 |     3 ||     4
Armor: Scale mail        |    31 |   105 |    53 ||   189
       Chain mail        |       |       |    12 ||    12
Dodge: Dodged            |    18 |    34 |    65 ||   117
Block: Kite shield       |    43 |   120 |   111 ||   274
       Rpst.: Long sword |     3 |     5 |    17 ||    25
